 Dungeon Crawl Stone Soup version 0.16.1 (webtiles) character file.

145 Ladykiller69 the Cudgeler (level 5, -1/38 HPs)
             Began as a Formicid Gladiator on Mar 23, 2015.
             Slain by an orc wizard
             ... wielding a +0 dagger
              (3 damage)
             ... on level 4 of the Dungeon.
             The game lasted 00:08:14 (1936 turns).

Ladykiller69 the Cudgeler (Formicid Gladiator)      Turns: 1936, Time: 00:08:14

Health: -1/38      AC:  5    Str: 20    XL:     5   Next: 53%
Magic:  7/7        EV: 17    Int:  8    God:
Gold:   77         SH:  0    Dex: 16    Spells: 0 memorised, 4 levels left

rFire  . . .     SeeInvis +     a - +0 flail
rCold  . . .     Clarity  .     l - +0 ring mail
rNeg   . . .     SustAb   .     (no shield)
rPois  .         Gourm    .     (helmet unavailable)
rElec  .         Spirit   .     (no cloak)
rCorr  .         Warding  .     (no gloves)
rMut   .         Stasis   +     (no boots)
MR     .....                    (no amulet)
Stlth  ++........               (no ring)
                                (no ring)

@: agile, not resistant to hostile enchantments, unstealthy
A: permanent stasis, dig shafts and tunnels, four strong arms, antennae 3
a: Dig, Shaft Self


You were on level 4 of the Dungeon.
You were near starving.

You visited 1 branch of the dungeon, and saw 4 of its levels.

You collected 77 gold pieces.

Inventory:

Hand weapons
 a - a +0 flail (weapon)
Missiles
 d - 2 throwing nets (quivered)
 n - 3 javelins
Armour
 b - a +0 leather armour
 l - a +0 ring mail (worn)
Magical devices
 p - a wand of digging (13)
Scrolls
 g - a scroll of identify {unknown}
 h - a scroll of remove curse {unknown}
 i - a scroll of recharging {unknown}
 k - 2 scrolls of fog {unknown}
 o - 2 scrolls of teleportation {unknown}
 q - a scroll of magic mapping {unknown}
Potions
 j - a potion of might {unknown}
 m - a potion of restore abilities {unknown}
Comestibles
 f - 2 bread rations


   Skills:
 - Level 2.1 Fighting
 * Level 5.3 Maces & Flails
 - Level 2.0 Throwing
 - Level 3.1 Dodging


You had 4 spell levels left.
You didn't know any spells.

Dungeon Overview and Level Annotations

Branches:
Dungeon (4/15)
 Temple: D:4-7

Altars:
Makhleb
Okawaru

Annotations:
D:3 Vidiiot's ghost, average HaVM


Innate Abilities, Weirdness & Mutations

You are under a permanent stasis effect.
You can dig through walls and to a lower floor.
Your four strong arms can wield two-handed weapons with a shield.
You have a pair of large antennae on your head (SInv).


Message History

You barely miss the orc wizard.
The orc wizard is moderately wounded.
The orc wizard casts a spell at you. The magic dart hits you!
* * * LOW HITPOINT WARNING * * *
Drink which item? (? for menu, Esc to quit)
It was a potion of agility.
You feel agile all of a sudden.
The orc wizard mumbles some strange words.
You hit the orc wizard.
The orc wizard is moderately wounded.
The orc wizard hits you with a dagger.
* * * LOW HITPOINT WARNING * * *
You hit the orc wizard.
The orc wizard is severely wounded.
The orc wizard hits you but does no damage.
You miss the orc wizard.
The orc wizard is severely wounded.
The orc wizard misses you. The orc wizard hits you with a dagger.
You die...

#.. #.# ###.# #.#
.>#.# #.# ##.#.# #.#
.o..# #.## #{#.## #..#
..... ##.# #.#.#####
#.# #)#.#.#@# #.#
#.##.#o## #.#
#.#.########.#
#o.........#.#
#.########.#.######
.......>...........#
..##.##.#####.#..#####
#.. ... #.#..# . #.#
#.#..#


You could see an orc wizard.

Vanquished Creatures
  A worker ant (D:4)
  2 orc wizards (D:4)
  An adder (D:3)
  A giant mite (D:2)
  2 giant geckos (D:2)
  An ooze (D:2)
  An orc (D:3)
  3 giant cockroaches (D:1)
  8 goblins
  8 hobgoblins
  A quokka (D:2)
  3 bats
  2 giant newts (D:1)
  6 kobolds
  4 rats
44 creatures vanquished.

Notes
Turn   | Place    | Note
--------------------------------------------------------------
     0 | D:1      | Ladykiller69, the Formicid Gladiator, began the quest for the Orb.
     0 | D:1      | Reached XP level 1. HP: 16/16 MP: 1/1
   114 | D:1      | Reached XP level 2. HP: 19/22 MP: 3/3
   567 | D:2      | Reached XP level 3. HP: 24/27 MP: 4/4
   776 | D:2      | Found a burning altar of Makhleb.
   974 | D:2      | Reached XP level 4. HP: 13/33 MP: 5/5
  1184 | D:2      | Reached skill level 4 in Maces & Flails
  1349 | D:2      | Found an iron altar of Okawaru.
  1431 | D:3      | Noticed Vidiiot's ghost (average HaVM)
  1646 | D:4      | HP: 1/33 [worker ant (4)]
  1915 | D:4      | Reached skill level 5 in Maces & Flails
  1915 | D:4      | Reached XP level 5. HP: 31/38 MP: 7/7
  1936 | D:4      | Slain by an orc wizard

Action                   |  1- 3 |  4- 6 || total
-------------------------+-------+-------++-------
Melee: Flail             |    94 |    58 ||   152
Throw: Throwing net      |     2 |     1 ||     3
 Abil: Dig               |       |     3 ||     3
  Use: Potion            |       |     2 ||     2
 Stab: Held in net/web   |     1 |     1 ||     2
  Eat: Chunk             |       |     2 ||     2
